PAAA
ATHLETIC CLUB KC RESERVES @ NAPERVILLE BATTLEKINGS
05/09/2020
 
TOP OF THE 1ST
Athletic Club KC Reserves batting - Pitching for Naperville Battlekings : RHP Jim Unknown
Pitching: RHP Jim Unknown
Batting: RHB Javier Díaz 0-0: Called Strike
0-1: Swinging Strike
0-2: Foul Ball, location: 2F
0-2: Strikes out looking
Batting: RHB Jason Dunn 0-0: Fly out, F9 (Flyball, 9LM)
Batting: LHB Rafael García 0-0: Called Strike
0-1: Ball
1-1: Ball
2-1: Swinging Strike
2-2: Foul Ball, location: 2F
2-2: Strikes out looking
Top of the 1st over - 0 run(s), 0 hit(s), 0 error(s), 0 left on base; Athletic Club KC 0 - Naperville 0
BOTTOM OF THE 1ST
Naperville Battlekings batting - Pitching for Athletic Club KC Reserves : RHP Joe King
Pitching: RHP Joe King
Batting: RHB Wayne Bannatyne 0-0: Foul Ball, location: 2F
0-1: Ground out 5-3 (Groundball, 56)
Batting: RHB Joe Ferneyhough 0-0: Ball
1-0: Fly out, F3 (Popup, 3SF)
Batting: LHB Cristo Ramírez 0-0: Ball
1-0: Foul Ball, location: 2F
1-1: Ball
2-1: Swinging Strike
2-2: Ball
3-2: Base on Balls
Batting: LHB Steven Johnstone 0-0: Called Strike
0-1: Foul Ball, location: 2F
0-2: Ball
1-2: Foul Ball, location: 2F
1-2: Ball
2-2: Ground out 1-3 (Groundball, 23)
Bottom of the 1st over - 0 run(s), 0 hit(s), 0 error(s), 1 left on base; Athletic Club KC 0 - Naperville 0
TOP OF THE 2ND
Athletic Club KC Reserves batting - Pitching for Naperville Battlekings : RHP Jim Unknown
Batting: RHB Nick Simmons 0-0: Ball
1-0: Ball
2-0: Called Strike
2-1: Ball
3-1: Base on Balls
Batting: RHB Robert Hill 0-0: Called Strike
0-1: Foul Ball, location: 2F
0-2: Ball
1-2: SINGLE (Line Drive, 4)
Nick Simmons to second
Batting: RHB Adam Hennessey 0-0: Ball
1-0: Called Strike
1-1: Ball
2-1: Swinging Strike
2-2: Ball
3-2: Strikes out swinging
Batting: RHB Eddie O'Bryan 0-0: Foul Ball, location: 2F
0-1: Called Strike
0-2: Ball
1-2: Foul Ball, location: 2F
1-2: Ground out 5-3 (Groundball, 5S)
Nick Simmons to third
Robert Hill to second
Batting: RHB Justin Miles 0-0: Ball
1-0: Called Strike
1-1: Ball
2-1: Ball
3-1: Foul Ball, location: 2F
3-2: SINGLE (Groundball, 56D)
Nick Simmons scores
Robert Hill to third
Robert Hill scores
Batting: RHB Allen Murphy 0-0: Ball
1-0: Fielders Choice at 2nd, 6-4 (Groundball, 6MS)
Top of the 2nd over - 2 run(s), 2 hit(s), 0 error(s), 0 left on base; Athletic Club KC 2 - Naperville 0
BOTTOM OF THE 2ND
Naperville Battlekings batting - Pitching for Athletic Club KC Reserves : RHP Joe King
Batting: RHB Earnest Veeck 0-0: Swinging Strike
0-1: Ball
1-1: Ball
2-1: Swinging Strike
2-2: DOUBLE (Flyball, 89XD)
Batting: RHB Carlos Gómez 0-0: Ground out 6-3 (Groundball, 6)
Batting: LHB Jack Mason 0-0: Ground out 4-3 (Groundball, 4S)
Earnest Veeck to third
Batting: RHB Marcus Wade 0-0: Ball
1-0: Ball
2-0: Fly out, F4 (Line Drive, 4)
Bottom of the 2nd over - 0 run(s), 1 hit(s), 0 error(s), 1 left on base; Athletic Club KC 2 - Naperville 0
TOP OF THE 3RD
Athletic Club KC Reserves batting - Pitching for Naperville Battlekings : RHP Jim Unknown
Batting: RHB Javier Díaz 0-0: Ball
1-0: SINGLE (Groundball, 56D)
Batting: RHB Jason Dunn 0-0: Swinging Strike
0-1: Ball
1-1: Swinging Strike
1-2: Ball
2-2: Fielders Choice at 2nd, 6-4 (Groundball, 6)
Batting: LHB Rafael García 0-0: Foul Ball, location: 2F
0-1: Foul Ball, location: 2F
0-2: Strikes out swinging
Batting: RHB Nick Simmons 0-0: Called Strike
0-1: Ball
1-1: Foul Ball, location: 2F
1-2: Foul Ball, location: 2F
1-2: Fly out, F9 (Flyball, 89S)
Top of the 3rd over - 0 run(s), 1 hit(s), 0 error(s), 1 left on base; Athletic Club KC 2 - Naperville 0
BOTTOM OF THE 3RD
Naperville Battlekings batting - Pitching for Athletic Club KC Reserves : RHP Joe King
Batting: RHB Sal Haynes 0-0: Ball
1-0: Fly out, F8 (Flyball, 8RM)
Batting: RHB Wayne Bannatyne 0-0: Ball
1-0: Called Strike
1-1: Called Strike
1-2: Foul Ball, location: 2F
1-2: Ball
2-2: Foul Ball, location: 2F
2-2: Ground out 6-3 (Groundball, 6)
Batting: RHB Joe Ferneyhough 0-0: Ball
1-0: Ground out 5-3 (Groundball, 5)
Bottom of the 3rd over - 0 run(s), 0 hit(s), 0 error(s), 0 left on base; Athletic Club KC 2 - Naperville 0
TOP OF THE 4TH
Athletic Club KC Reserves batting - Pitching for Naperville Battlekings : RHP Jim Unknown
Batting: RHB Robert Hill 0-0: Ball
1-0: Called Strike
1-1: Called Strike
1-2: Foul Ball, location: 2F
1-2: Ball
2-2: Strikes out swinging passed ball, reaches first!
Batting: RHB Adam Hennessey 0-0: Ball
1-0: Ball
2-0: Grounds into double play, 6-4-3 (Groundball, 6)
Batting: RHB Eddie O'Bryan 0-0: Called Strike
0-1: Foul Ball, location: 2F
0-2: Strikes out swinging
Top of the 4th over - 0 run(s), 0 hit(s), 0 error(s), 0 left on base; Athletic Club KC 2 - Naperville 0
BOTTOM OF THE 4TH
Naperville Battlekings batting - Pitching for Athletic Club KC Reserves : RHP Joe King
Batting: LHB Cristo Ramírez 0-0: Ball
1-0: Called Strike
1-1: Swinging Strike
1-2: Ball
2-2: Ball
3-2: Fly out, F9 (Flyball, 89S)
Batting: LHB Steven Johnstone 0-0: Fly out, F2 (Popup, 2RF)
Batting: RHB Earnest Veeck 0-0: Swinging Strike
0-1: Ball
1-1: SOLO HOME RUN (Flyball, 9LD), Distance : 345 ft
Batting: RHB Carlos Gómez 0-0: Foul Ball, location: 2F
0-1: Ball
1-1: Ball
2-1: SOLO HOME RUN (Flyball, 8LXD), Distance : 434 ft
Batting: LHB Jack Mason 0-0: Called Strike
0-1: Ball
1-1: Ground out 4-3 (Groundball, 4)
Bottom of the 4th over - 2 run(s), 2 hit(s), 0 error(s), 0 left on base; Athletic Club KC 2 - Naperville 2
TOP OF THE 5TH
Athletic Club KC Reserves batting - Pitching for Naperville Battlekings : RHP Jim Unknown
Batting: RHB Justin Miles 0-0: Foul Ball, location: 2F
0-1: Ground out 6-3 (Groundball, 6)
Batting: RHB Allen Murphy 0-0: Ball
1-0: Ball
2-0: Ground out 6-3 (Groundball, 6)
Batting: RHB Javier Díaz 0-0: Ball
1-0: Ball
2-0: Called Strike
2-1: Foul Ball, location: 2F
2-2: Strikes out looking
Top of the 5th over - 0 run(s), 0 hit(s), 0 error(s), 0 left on base; Athletic Club KC 2 - Naperville 2
BOTTOM OF THE 5TH
Naperville Battlekings batting - Pitching for Athletic Club KC Reserves : RHP Joe King
Batting: RHB Marcus Wade 0-0: Foul Ball, location: 2F
0-1: Foul Ball, location: 2F
0-2: Ball
1-2: Ball
2-2: Ball
3-2: Fly out, F7 (Flyball, 78M)
Batting: RHB Sal Haynes 0-0: Ball
1-0: Foul Ball, location: 2F
1-1: Ball
2-1: Foul Ball, location: 2F
2-2: Strikes out swinging
Batting: RHB Wayne Bannatyne 0-0: DOUBLE (Groundball, 5L)
Batting: RHB Joe Ferneyhough 0-0: Foul Ball, location: 2F
0-1: Called Strike
0-2: Strikes out swinging
Bottom of the 5th over - 0 run(s), 1 hit(s), 0 error(s), 1 left on base; Athletic Club KC 2 - Naperville 2
TOP OF THE 6TH
Athletic Club KC Reserves batting - Pitching for Naperville Battlekings : RHP Jim Unknown
Batting: RHB Jason Dunn 0-0: Foul Ball, location: 2F
0-1: Called Strike
0-2: Ball
1-2: Ball
2-2: Ball
3-2: SINGLE (Line Drive, 34D)
Batting: LHB Rafael García 0-0: Ball
1-0: Swinging Strike
1-1: Swinging Strike
1-2: Fly out, F7 (Flyball, 7M)
Batting: RHB Nick Simmons 0-0: Called Strike
0-1: Ball
1-1: Ball
Wild Pitch!
Jason Dunn to second
2-1: Foul Ball, location: 2F
2-2: Ball
3-2: Foul Ball, location: 2F
3-2: Foul Ball, location: 2F
3-2: Fly out, F8 (Flyball, 8RD)
Runner from 2nd tags up, SAFE at 3rd with throw
Batting: RHB Robert Hill 0-0: Called Strike
0-1: Foul Ball, location: 2F
0-2: Ball
1-2: Ball
2-2: Ball
3-2: Foul Ball, location: 2F
3-2: Ground out 6-3 (Groundball, 6)
Top of the 6th over - 0 run(s), 1 hit(s), 0 error(s), 1 left on base; Athletic Club KC 2 - Naperville 2
BOTTOM OF THE 6TH
Naperville Battlekings batting - Pitching for Athletic Club KC Reserves : RHP Joe King
Batting: LHB Cristo Ramírez 0-0: Foul Ball, location: 2F
0-1: Ball
1-1: Called Strike
1-2: Foul Ball, location: 2F
1-2: Fly out, F9 (Popup, 34D)
Batting: LHB Steven Johnstone 0-0: Ball
1-0: Ball
2-0: Foul Ball, location: 2F
2-1: Ball
3-1: Called Strike
3-2: SOLO HOME RUN (Flyball, 9D), Distance : 380 ft
Batting: RHB Earnest Veeck 0-0: Ball
1-0: Foul Ball, location: 2F
1-1: Foul Ball, location: 2F
1-2: Ball
2-2: Ball
3-2: Ground out 2-3 (Groundball, 25)
Batting: RHB Carlos Gómez 0-0: Ball
1-0: Ball
2-0: Foul Ball, location: 2F
2-1: SOLO HOME RUN (Flyball, 7D), Distance : 387 ft
Batting: LHB Jack Mason 0-0: Ball
1-0: Ball
2-0: Swinging Strike
2-1: SINGLE (Groundball, 34D) (infield hit)
Batting: RHB Marcus Wade 0-0: Ball
1-0: Called Strike
1-1: Called Strike
Jack Mason is caught stealing 2nd base
Bottom of the 6th over - 2 run(s), 3 hit(s), 0 error(s), 0 left on base; Athletic Club KC 2 - Naperville 4
TOP OF THE 7TH
Athletic Club KC Reserves batting - Pitching for Naperville Battlekings : RHP Jim Unknown
Pitching: RHP William Taylor
Batting: RHB Adam Hennessey 0-0: Foul Ball, location: 2F
0-1: Called Strike
0-2: Ball
1-2: Ball
2-2: Ball
3-2: DOUBLE (Line Drive, 7LS)
Batting: RHB Eddie O'Bryan 0-0: Ball
1-0: Called Strike
1-1: Called Strike
1-2: Strikes out swinging
Batting: RHB Justin Miles 0-0: Foul Ball, location: 2F
0-1: Foul Ball, location: 2F
0-2: Ball
1-2: Strikes out swinging
Batting: RHB Allen Murphy 0-0: Called Strike
0-1: Swinging Strike
0-2: Strikes out swinging
Top of the 7th over - 0 run(s), 1 hit(s), 0 error(s), 1 left on base; Athletic Club KC 2 - Naperville 4
BOTTOM OF THE 7TH
Naperville Battlekings batting - Pitching for Athletic Club KC Reserves : RHP Joe King
Batting: RHB Marcus Wade 0-0: Called Strike
0-1: Ball
1-1: Swinging Strike
1-2: Ball
2-2: Strikes out looking
Pitching: LHP Tim Harris
Batting: RHB Sal Haynes 0-0: Ball
1-0: Swinging Strike
1-1: Ball
2-1: Called Strike
2-2: Strikes out swinging
Batting: RHB Wayne Bannatyne 0-0: Called Strike
0-1: Ball
1-1: Ball
2-1: Foul Ball, location: 2F
2-2: Ball
3-2: Fly out, F9 (Flyball, 9M)
Bottom of the 7th over - 0 run(s), 0 hit(s), 0 error(s), 0 left on base; Athletic Club KC 2 - Naperville 4
TOP OF THE 8TH
Athletic Club KC Reserves batting - Pitching for Naperville Battlekings : RHP William Taylor
Batting: RHB Javier Díaz 0-0: Called Strike
0-1: Swinging Strike
0-2: Ball
1-2: Foul Ball, location: 2F
1-2: Ball
2-2: Foul Ball, location: 2F
2-2: DOUBLE (Line Drive, 89M)
Batting: RHB Jason Dunn 0-0: Swinging Strike
0-1: Foul Ball, location: 2F
0-2: Strikes out swinging
Pitching: RHP Carl O'Malloy
Batting: LHB Rafael García 0-0: Fly out, F7 (Flyball, 78M)
Pitching: RHP Colt Harris
Batting: RHB Nick Simmons 0-0: Called Strike
0-1: Foul Ball, location: 2F
0-2: Ball
1-2: Ball
2-2: Ball
3-2: Strikes out looking
Top of the 8th over - 0 run(s), 1 hit(s), 0 error(s), 1 left on base; Athletic Club KC 2 - Naperville 4
BOTTOM OF THE 8TH
Naperville Battlekings batting - Pitching for Athletic Club KC Reserves : LHP Tim Harris
Batting: RHB Joe Ferneyhough 0-0: Ball
1-0: Called Strike
1-1: Ball
2-1: Ball
3-1: Base on Balls
Batting: LHB Cristo Ramírez 0-0: Ball
1-0: Called Strike
1-1: Foul Ball, location: 2F
1-2: Ball
2-2: Strikes out swinging
Batting: LHB Steven Johnstone 0-0: Called Strike
0-1: Ball
1-1: Ball
2-1: Foul Ball, location: 2F
2-2: Foul Ball, location: 2F
2-2: Ball
3-2: Fly out, F3 (Line Drive, 3)
3-2: Lined into DP, U3 (Line Drive, 3)
Bottom of the 8th over - 0 run(s), 0 hit(s), 0 error(s), 0 left on base; Athletic Club KC 2 - Naperville 4
TOP OF THE 9TH
Athletic Club KC Reserves batting - Pitching for Naperville Battlekings : RHP Colt Harris
Pitching: RHP Ramón Elizondo
Batting: RHB Robert Hill 0-0: Ball
1-0: Fly out, F6 (Line Drive, 6)
Batting: RHB Adam Hennessey 0-0: Foul Ball, location: 2F
0-1: Ball
1-1: Foul Ball, location: 2F
1-2: Ball
2-2: SINGLE (Line Drive, 9S)
Pinch Hitting: SHB Jim Unknown 0-0: Ball
1-0: Ball
2-0: Ball
3-0: Called Strike
3-1: Base on Balls
Adam Hennessey to second
Batting: RHB Justin Miles 0-0: Ball
1-0: Ball
2-0: SINGLE (Groundball, 56D)
Adam Hennessey to third
Jim Unknown to second
Runner from 3rd tries for Home, SAFE, no throw or cutoff
Pinch Hitting: LHB Eduardo López 0-0: Called Strike
0-1: Foul Ball, location: 2F
0-2: Foul Ball, location: 2F
0-2: Ball
1-2: Grounds into double play, 6-4-3 (Groundball, 6)
Top of the 9th over - 1 run(s), 2 hit(s), 0 error(s), 1 left on base; Athletic Club KC 3 - Naperville 4
This league is powered by Out of the Park Baseball, the baseball management simulation game for PC, Mac and Linux
Friday, October 23rd, 2015 - OOTP Baseball 16.9 Build 39